 Dungeon Crawl Stone Soup version 0.24-a0-653-g3936067ed8 (webtiles) character file.

Game seed: 4934070789947519621, levelgen mode: deterministic

11104 MisterOstroum the Jinx (level 12, 0/86 HPs)
             Began as a Human Enchanter on Sept 27, 2019.
             Was an Elder of Dithmenos.
             Slain by a starspawn tentacle (2 damage)
             ... attached to a tentacled starspawn
             ... on level 1 of the Abyss.
             The game lasted 01:04:55 (14184 turns).

MisterOstroum the Jinx (Human Enchanter)           Turns: 14184, Time: 01:04:55

Health: 0/86       AC: 10    Str:  9      XL:     12   Next: 3%
Magic:  1/12       EV: 11    Int: 20 (21) God:    Dithmenos [****..]
Gold:   491        SH:  0    Dex: 13 (14) Spells: 9/19 levels left

rFire    . . .     SeeInvis .   a - +2 dagger (elec)
rCold    . . .     Gourm    .   (no shield)
rNeg     . . .     Faith    .   D - +1 robe {MR+}
rPois    +         Spirit   .   q - +2 helmet
rElec    .         Reflect  .   N - +0 cloak
rCorr    +         Harm     .   E - +1 pair of gloves
MR       +....     Rnd*Tele +   m - +1 pair of boots
Stlth    ++++++....             (no amulet)
HPRegen  0.24/turn              (no ring)
MPRegen  0.13/turn              s - ring of resist corrosion

@: brilliant, wreathed by umbra, constricted
A: [deformed body], [deterioration 2], [dopey 2], [low mp 3], poison resistance,
[teleportitis 2], [subdued magic 2]
a: Shadow Step, Renounce Religion


You were on level 1 of the Abyss.
You worshipped Dithmenos.
Dithmenos was greatly pleased with you.
You were not hungry.

You visited 3 branches of the dungeon, and saw 12 of its levels.
You visited the Abyss 1 time.

You collected 491 gold pieces.

Inventory:

Hand Weapons
 a - a +2 dagger of electrocution (weapon)
 b - a +2 hunting sling of flaming
 c - a +2 dagger of flaming
 f - a +4 scimitar of flaming
 i - a +0 spear
 G - a +0 hunting sling
Missiles
 p - 343 stones
 w - 23 poisoned darts
 I - 2 throwing nets {!f}
 L - 61 sling bullets
 M - 4 boomerangs (quivered)
Armour
 m - a +1 pair of boots (worn)
 q - a +2 helmet (worn)
 C - a +1 leather armour of poison resistance
 D - a +1 robe of magic resistance (worn)
 E - a +1 pair of gloves (worn)
 K - a scarf of cloud immunity
 N - a +0 cloak (worn)
Jewellery
 k - an uncursed ring of fire
 s - a ring of resist corrosion (right hand)
Wands
 t - a wand of random effects (20)
 B - a wand of polymorph (12)
 Q - a wand of flame (15)
Scrolls
 g - 3 scrolls of identify {@r1}
 h - 2 scrolls of fear
 j - 7 scrolls of remove curse {@r2}
 l - 2 scrolls of teleportation {@r3 !r}
 u - a scroll of immolation {unknown}
 v - 2 scrolls of enchant weapon {unknown}
 x - 2 scrolls of torment {unknown}
 y - a scroll of amnesia
 F - a scroll of fog {unknown}
Potions
 n - a potion of cancellation
 o - 4 potions of magic
 A - a potion of ambrosia
 H - a potion of lignification {@q6}
 J - a potion of flight
Miscellaneous
 O - a phantom mirror
 R - a phial of floods
Comestibles
 e - 20 rations


   Skills:
 - Level 5.0 Fighting
 - Level 8.0 Short Blades
 - Level 5.2 Dodging
 - Level 10.0 Stealth
 - Level 4.0 Spellcasting
 + Level 10.1 Hexes
 - Level 4.0 Ice Magic
 - Level 3.0 Invocations
 - Level 3.0 Evocations


You had 9 spell levels left.
You knew the following spells:

 Your Spells              Type           Power        Failure   Level  Hunger
a - Corona                Hex            #####..      1%          1    None
b - Ensorcelled Hibernat  Hex/Ice        ####..       1%          2    #......
c - Confuse               Hex            #####...     1%          3    ###....
d - Tukima's Dance        Hex            #####...     1%          3    ###....
C - Confusing Touch       Hex            #####.       1%          1    None

Your spell library contained the following spells:

 Spells                   Type           Power        Failure   Level  Hunger
 Slow                     Hex            #####...     1%          2    #......
 Dazzling Spray           Conj/Hex       ###...       1%          3    ###....
 Inner Flame              Hex/Fire       ###.....     1%          3    ###....
 Portal Projectile        Hex/Tloc       ###...       1%          3    ###....
 Cause Fear               Hex            #####.....   1%          4    ####...
 Leda's Liquefaction      Hex/Erth       ###.......   1%          4    ####...
 Metabolic Englaciation   Hex/Ice        ####......   1%          5    ######.
 Gell's Gravitas          Tloc           ##........   3%          3    ###....
 Yara's Violent Unravell  Hex/Tmut       ###.......   4%          5    ######.
 Petrify                  Tmut/Erth      ##......     11%         4    ####...


Dungeon Overview and Level Annotations

Branches:
Dungeon (10/15)            Temple (1/1) D:4            Lair (1/6) D:9
    Orc: D:9-12

Altars:
Dithmenos
Ru
Zin

Shops:
D:4 }%   D:6 *

Annotations:
D:9 Erolcha
Lair:1 Sonja


Innate Abilities, Weirdness & Mutations

Your system is resistant to poisons. (rPois)
[Armour fits poorly on your strangely shaped body.]
[Your body often deteriorates upon taking damage.]
[You are very dopey. (Int -4)]
[Your magical capacity is extremely low. (-30% MP)]
[You are sometimes teleported next to monsters.]
[Your spells are easier to cast, but less powerful.]


Message History

Your experience leads to an increase in your attributes!
Your base attributes are Str 8, Int 19, Dex 14.
Increase (S)trength, (I)ntelligence, or (D)exterity?
You feel clever.
You feel stronger.
An ufetubus and a tentacled starspawn come into view.
You see here a +4 scimitar of flaming.
f - a +4 scimitar of flaming The ufetubus shouts!
You hit the ufetubus. Lightning courses through the ufetubus!
You kill the ufetubus!
Dithmenos accepts your kill.
You hear a bark!
You hear a roar!
A raiju comes into view.
Casting: Confuse (safe; 1% risk of failure)
Confirm with . or Enter, or press ? or * to list all spells.
Aiming: Confuse (safe; 1% risk of failure)
Press: ? - help, Shift-Dir - straight line, f - raiju
Aim: a raiju (umbra, chance to defeat MR: 51%)
The raiju appears confused.
A tentacle flies out from the starspawn's body!
The raiju barely misses you.
A starspawn tentacle comes into view.
The raiju bites you but does no damage.
A smoke demon comes into view.
The raiju bites you. The raiju shocks you!
A tentacle flies out from the starspawn's body!
A starspawn tentacle comes into view.
You hit the raiju.
The raiju is lightly wounded.
The smoke demon roars!
You hit the raiju but do no damage.
The raiju is lightly wounded.
You hit the raiju.
The raiju is lightly wounded.
Your shadow hits the raiju but does no damage.
The raiju bites you but does no damage.
Casting: Confuse (safe; 1% risk of failure)
Confirm with . or Enter, or press ? or * to list all spells.
Aiming: Confuse (safe; 1% risk of failure)
Press: ? - help, Shift-Dir - straight line, f - smoke demon, p - raiju
Aim: a smoke demon (umbra, chance to defeat MR: 19%)
Okay, then.
Unknown command.
You barely miss the raiju.
The raiju is lightly wounded.
Your shadow hits the raiju but does no damage.
You strike the helpless raiju from behind!
You impale the raiju!!
The raiju is severely wounded.
Your shadow hits the raiju but does no damage.
Aiming: Shadow Step
Press: ? - help, Dir - move target cursor, f/p - raiju
Aim: a raiju (severely wounded, confused, umbra)
You step into the raiju's shadow.
You can no longer transform into a swirling mass of shadows.
The raiju bites you. The raiju shocks you!
You hit the raiju.
The raiju is severely wounded.
The smoke demon gestures at you. Something smites you!
Unknown command.
Unknown command.
You hit the raiju but do no damage.
The raiju is severely wounded.
The raiju closely misses you.
A small abomination comes into view.
The smoke demon gestures at you. Something smites you!
* * * LOW HITPOINT WARNING * * *
Your body deteriorates!
You feel dopey. The raiju barely misses you.
You catch the helpless raiju completely off-guard!
You impale the raiju!!
You kill the raiju!
Dithmenos accepts your kill.
You feel your dexterity returning.
A large abomination comes into view.
The smoke demon gestures at you. The ball of steam hits you!
* * * LOW HITPOINT WARNING * * *
Your body deteriorates!
You feel clumsy.
Really quaff
r - a potion of curing {@q1 !q}?
You feel better.
You are engulfed in a cloud of scalding steam.
* * * LOW HITPOINT WARNING * * *
The smoke demon gestures at you. The ball of steam misses you.
Tentacles burst from the starspawn's body! 2 starspawn tentacles come into view.
Really walk into that cloud of steam?
Okay, then.
Unknown command.
Okay, then.
It was a potion of brilliance.
You feel clever all of a sudden.
Okay, then.
You are engulfed in a cloud of scalding steam.
* * * LOW HITPOINT WARNING * * *
The starspawn tentacle grabs you.
You die...

# #. ### . .##### .##
. #.. ##...##.#.##.#
....# .#...#..#..#
......###§#...#...##.#
#....@3X#.#..#.####
##...#wX†#..#.# .##
####§w......# . .
#.###..#.## .. . .....
##..##.# . #..#.#.#
..### ..## #.##....
.## # . ##. . . # #
..##


You could see a tentacled starspawn, a large abomination, a smoke demon and 2
starspawn tentacles.

Vanquished Creatures
  A two-headed ogre (D:9)
  A thrashing horror (Abyss:1)
  A black mamba (Lair:1)
  Joseph (D:8)
  Psyche (D:8)
  3 komodo dragons
  2 efreet (Abyss:1)
  A raiju (Abyss:1)
  2 hippogriffs
  A wraith (Abyss:1)
  15 yaks
  A neqoxec (Abyss:1)
  A water moccasin (Lair:1)
  A small abomination (Abyss:1)
  A black bear (D:9)
  An ice beast (D:6)
  An orc warrior (D:6)
  3 ogres
  A necrophage (D:8)
  4 wolves (Lair:1)
  4 sky beasts
  4 centaurs
  A phantom (D:3)
  3 crocodiles
  A big kobold (D:9)
  8 bullfrogs
  A wyvern zombie (D:8)
  Blork the orc (D:4)
  A wyvern skeleton (D:10)
  3 scorpions
  2 howler monkeys (D:5)
  10 wights
  3 crimson imps
  A quasit (Abyss:1)
  5 orc priests
  3 jellies
  A bullfrog skeleton (D:5)
  6 hounds
  9 orc wizards
  3 iguanas
  4 worker ants
  2 worker ant zombies
  Robin (D:1)
  3 gnolls (D:5)
  10 adders
  A shadow imp (D:7)
  A white imp (Abyss:1)
  An ufetubus (Abyss:1)
  2 oozes
  An adder zombie (D:8)
  An adder skeleton (D:4)
  A worm (D:2)
  A dart slug (D:1)
  8 leopard geckos
  38 orcs
  7 bats (D:1)
  4 giant cockroaches
  17 goblins
  11 hobgoblins
  20 jackals
  15 kobolds
  4 quokkas
  2 ball pythons
  3 frilled lizards
  A jackal skeleton (D:6)
  4 rats
  A plant (D:9)
277 creatures vanquished.

Vanquished Creatures (collateral kills)
  An orc wizard (D:6)
  2 orcs (D:6)
3 creatures vanquished.

Vanquished Creatures (others)
  2 dancing weapons
  3 starspawn tentacles (Abyss:1)
5 creatures vanquished.

Grand Total: 285 creatures vanquished

Notes
Turn   | Place    | Note
-------+----------+-------------------------------------------
     0 | D:1      | MisterOstroum the Human Enchanter began the quest for the
                  | Orb.
     0 | D:1      | Reached XP level 1. HP: 13/13 MP: 3/3
    70 | D:1      | Reached skill level 1 in Fighting
   101 | D:1      | Reached XP level 2. HP: 21/21 MP: 3/5
   192 | D:1      | Learned a level 2 spell: Ensorcelled Hibernation
   546 | D:1      | Reached XP level 3. HP: 11/27 MP: 2/6
  1635 | D:2      | Reached XP level 4. HP: 33/34 MP: 7/7
  1761 | D:2      | You fall into a shaft and drop 2 floors!
  1780 | D:4      | Found Afyapp Tamoi's Gadget Emporium.
  1796 | D:4      | Learned a level 3 spell: Confuse
  1848 | D:2      | Gained mutation: You are clumsy. (Dex -2) [potion of
                  | mutation]
  1848 | D:2      | Gained mutation: You tend to lose your temper in combat.
                  | [potion of mutation]
  1848 | D:2      | Gained mutation: You are robust. (+10% HP) [potion of
                  | mutation]
  1848 | D:2      | Lost mutation: You tend to lose your temper in combat.
                  | [potion of mutation]
  2023 | D:2      | Noticed Robin
  2286 | D:1      | Killed Robin
  2699 | D:2      | Learned a level 1 spell: Confusing Touch
  2707 | D:2      | Found a faded altar of an unknown god.
  2777 | D:2      | Reached XP level 5. HP: 43/45 MP: 8/8
  2921 | D:2      | Became a worshipper of Dithmenos the Shadowed
  2921 | D:2      | Reached * piety under Dithmenos
  3350 | D:3      | Noticed a phantom
  3473 | D:4      | Found a staircase to the Ecumenical Temple.
  3734 | D:4      | Reached ** piety under Dithmenos
  3741 | D:4      | Noticed an ogre
  3926 | D:4      | Reached XP level 6. HP: 51/51 MP: 2/9
  4033 | D:4      | Reached skill level 1 in Ice Magic
  4034 | D:4      | Identified the +6 war axe of Pandemonium {antimagic, rF-
                  | rN+ Str+4 SInv}
  4214 | D:4      | Found Pakhlithri's Food Shop.
  4819 | Temple   | Entered the Ecumenical Temple
  4833 | D:5      | Entered Level 5 of the Dungeon
  4866 | D:5      | Noticed Blork the orc
  4904 | D:4      | Killed Blork the orc
  5110 | D:5      | Reached skill level 5 in Stealth
  5361 | D:5      | Reached XP level 7. HP: 57/57 MP: 6/10
  5610 | D:5      | Learned a level 3 spell: Tukima's Dance
  5781 | D:5      | Reached skill level 5 in Hexes
  6299 | D:6      | Found Cuerhel's General Store.
  6319 | D:6      | Found a glowing silver altar of Zin.
  6409 | D:6      | Reached XP level 8. HP: 59/63 MP: 1/11
  7324 | D:6      | Reached *** piety under Dithmenos
  8062 | D:5      | Reached skill level 5 in Fighting
  8062 | D:5      | Reached XP level 9. HP: 22/74 MP: 3/14
  8480 | D:7      | Noticed a hippogriff
  8563 | D:7      | Reached skill level 1 in Invocations
  9412 | D:7      | Reached skill level 5 in Short Blades
 10161 | D:7      | Killed a hippogriff
 10297 | D:8      | Noticed Joseph
 10315 | D:8      | Killed Joseph
 10315 | D:8      | Reached XP level 10. HP: 31/80 MP: 4/15
 11107 | D:8      | Reached **** piety under Dithmenos
 11147 | D:8      | Noticed Psyche
 11170 | D:8      | Killed Psyche
 11575 | D:9      | Noticed a two-headed ogre
 11584 | D:9      | Killed a two-headed ogre
 11584 | D:9      | Reached skill level 5 in Dodging
 11849 | D:9      | Found a staircase to the Lair.
 11850 | D:9      | Noticed a komodo dragon
 12025 | D:9      | Noticed Erolcha
 12448 | D:9      | Reached XP level 11. HP: 82/85 MP: 2/17
 12546 | D:9      | Reached skill level 1 in Evocations
 13019 | D:10     | Entered Level 10 of the Dungeon
 13173 | D:9      | Reached skill level 10 in Stealth
 13195 | Lair:1   | Entered Level 1 of the Lair of Beasts
 13265 | Lair:1   | Noticed Sonja
 13833 | Lair:1   | Cast into level 1 of the Abyss (Sonja)
 13903 | Abyss:1  | Noticed a wretched star
 13937 | Abyss:1  | Noticed a thrashing horror
 13968 | Abyss:1  | Killed a thrashing horror
 13968 | Abyss:1  | Reached ***** piety under Dithmenos
 14032 | Abyss:1  | Noticed a large abomination
 14049 | Abyss:1  | Noticed a tentacled starspawn
 14096 | Abyss:1  | Lost mutation: You are robust. (+10% HP) [potion of
                  | mutation]
 14096 | Abyss:1  | Lost mutation: You are clumsy. (Dex -2) [potion of
                  | mutation]
 14096 | Abyss:1  | Gained mutation: Your system is resistant to poisons.
                  | (rPois) [potion of mutation]
 14096 | Abyss:1  | Noticed a starcursed mass
 14160 | Abyss:1  | Reached skill level 10 in Hexes
 14160 | Abyss:1  | Reached XP level 12. HP: 65/86 MP: 5/12
 14161 | Abyss:1  | Noticed a tentacled starspawn
 14181 | Abyss:1  | HP: 4/86 [smoke demon/ball of steam (16)]
 14184 | Abyss:1  | Slain by a starspawn tentacle

Levels and vault maps discovered:
D:1:      scummos_arrival_forest, layout_loops_ring, serial_forest,
          infiniplex_forest_lined_corner, infiniplex_forest_straight_1,
          infiniplex_forest_lined_corner, infiniplex_forest_clump_long,
          infiniplex_forest_corner_1, infiniplex_forest_straight_4,
          infiniplex_forest_clump_small
D:2:      layout_rooms, chequers_ecumenical_altar_simple_redux, uniq_robin
D:3:      layout_basic
D:4:      layout_basic, minmay_temple_entry_mist, serial_shops, shop,
          kennysheep_mini
D:5:      layout_loops_ring, first_ration, uniq_blork_the_orc
D:6:      layout_gridville, zin_academy, serial_shops, shop,
          minmay_joined_circles
D:7:      layout_basic, abandoned_shop, grunt_ogre_cave
D:8:      layout_cave_pools, uniq_psyche, uniq_joseph
D:9:      layout_long_grid, david_lair_shrubbed, st_stairs_14, uniq_erolcha
D:10:     layout_cave_pods, orc_0_dummy, serial_shops, shop,
          minmay_splitting_lines, serial_bayou_crossing
Temple:   minmay_crystal_snake_temple
Lair:1:   layout_layer_cave, st_stairs_4, uniq_sonja
Abyss:1:  evilmike_abyss_exit_1, evilmike_abyss_exit_mutagenic

Skill      XL: |  1  2  3  4  5  6  7  8  9 10 11 |
---------------+----------------------------------+-----
Fighting       | 1 2 3 5 |  5.0
Stealth        | 4 5 8 10 | 10.0
Ice Magic      | 1 3 4 |  4.0
Short Blades   | 2 3 6 8 |  8.0
Hexes          | 4 5 6 8 10 | 10.1
Spellcasting   | 3 4 |  4.0
Invocations    | 3 |  3.0
Dodging        | 5 |  5.2
Evocations     | 3 |  3.0

Action                   |  1- 3 |  4- 6 |  7- 9 | 10-12 || total
-------------------------+-------+-------+-------+-------++-------
Melee: Dagger            |    84 |   230 |   263 |   273 ||   850
 Fire: Hunting sling     |       |    18 |     3 |     5 ||    26
Throw: Stone             |     4 |     8 |     4 |       ||    16
       Dart              |       |       |    15 |    24 ||    39
       Boomerang         |       |       |       |     2 ||     2
 Cast: Corona            |     5 |       |       |       ||     5
       Ensorcelled Hiber |    14 |    41 |    46 |    29 ||   130
       Confuse           |       |    10 |    27 |    40 ||    77
       Confusing Touch   |       |       |     5 |     1 ||     6
       Tukima's Dance    |       |       |     7 |     4 ||    11
Invok: Shadow Step       |       |       |     1 |     2 ||     3
  Use: Potion            |       |     3 |       |     6 ||     9
       Scroll            |       |     7 |     1 |     6 ||    14
 Stab: Sleeping          |    17 |    17 |    35 |    38 ||   107
       Confused          |       |     4 |    13 |    17 ||    34
       Distracted        |       |     1 |       |     1 ||     2
  Eat: Chunk             |     3 |    17 |    18 |    14 ||    52
       Ration            |       |       |     1 |     1 ||     2
Armor: Robe              |    19 |    62 |    65 |    52 ||   198
Dodge: Dodged            |    51 |   174 |   179 |   140 ||   544

Table legend:
 A = Non-vault XP
 B = Vault XP
 C = Vault XP percentage of total XP
 D = Non-vault monster count
 E = Vault monster count
 F = Vault count percentage of total count
                 A         B        C        D         E       F
            +---------+---------+-------+---------+---------+-------
      Total |   12909 |    2954 |  18.6 |     249 |      30 |  10.8
            +---------+---------+-------+---------+---------+-------
        D:1 |      67 |      15 |  18.3 |      28 |       1 |   3.4
        D:2 |      36 |      20 |  35.7 |      19 |      11 |  36.7
        D:3 |     203 |       0 |   0.0 |      17 |       0 |   0.0
        D:4 |     246 |      85 |  25.7 |      17 |       1 |   5.6
        D:5 |     624 |       0 |   0.0 |      28 |       0 |   0.0
        D:6 |     923 |     202 |  18.0 |      23 |      11 |  32.4
        D:7 |     952 |     121 |  11.3 |      26 |       1 |   3.7
        D:8 |    1072 |     849 |  44.2 |      25 |       2 |   7.4
        D:9 |    3608 |    1316 |  26.7 |      38 |       2 |   5.0
       D:10 |     397 |       0 |   0.0 |       5 |       0 |   0.0
     Lair:1 |    2592 |     346 |  11.8 |      13 |       1 |   7.1
    Abyss:1 |    2189 |       0 |   0.0 |      10 |       0 |   0.0
            +---------+---------+-------+---------+---------+-------
